 Dungeon Crawl Stone Soup version 0.31.0-11-ge490571c62 (webtiles) character file.

Game seed: 2970345592162553455

125 hawla the Conjurer (level 4, 0/26 HPs)
             Began as a Deep Elf Fire Elementalist on Feb 8, 2024.
             Succumbed to an orc wizard's poison
             ... on level 3 of the Dungeon.
             The game lasted 00:04:38 (1929 turns).

hawla the Conjurer (Deep Elf Fire Elementalist)     Turns: 1929, Time: 00:04:38

Health: 0/26       AC:  3    Str:  5    XL:     4   Next: 82%
Magic:  7/9        EV: 12    Int: 22    God:
Gold:   122        SH:  0    Dex: 15    Spells: 2/9 levels left

rFire   . . .        l - staff of death
rCold   . . .        (no shield)
rNeg    + . .        a - +1 robe
rPois   .            (no helmet)
rElec   .            (no cloak)
rCorr   .            (no gloves)
SInv    .            (no boots)
Will    +....        (no amulet)
Stlth   ++           (no ring)
HPRegen 0.24/turn    (no ring)
MPRegen 0.11/turn

%: no passive effects
@: mighty, lethally poisoned (0 -> -8), attractive, enlightened, flying
A: low MP 1, passive freeze
a: no special abilities


You were on level 3 of the Dungeon.
You visited 1 branch of the dungeon, and saw 3 of its levels.

You collected 122 gold pieces.

Inventory:

Hand Weapons
 o - the +1 dagger of Ysucs {speed, rElec Int+4 Dex+3}
   (You found it on level 2 of the Dungeon)

   Int+4:     It affects your intelligence (+4).
   Dex+3:     It affects your dexterity (+3).
   rElec:     It insulates you from electricity.
Armour
 a - a +1 robe (worn)
Magical Staves
 l - a staff of death (weapon)
Wands
 h - a wand of digging (4)
Scrolls
 b - 3 scrolls of teleportation
 j - 2 scrolls of enchant weapon {unknown}
 k - a scroll of fear {unknown}
 n - a scroll of revelation {unknown}
Potions
 e - a potion of haste
 m - a potion of attraction


   Skills:
 - Level 2.0 Fighting
 - Level 2.4 Dodging
 - Level 2.4 Stealth
 - Level 3.0 Spellcasting
 - Level 4.0 Conjurations
 - Level 3.2 Fire Magic
 + Level 1.2 Evocations


You had 2 spell levels left.
You knew the following spells:

 Your Spells              Type           Power      Damage    Failure   Level
a - Foxfire               Conj/Fire      76%        2x1d7     2%          1
b - Scorch                Fire           34%        2d6       4%          2
c - Flame Wave            Conj/Fire      19%        2d7       28%         4

Your spell library contained the following spells:

 Spells                   Type           Power      Damage    Failure   Level
 Inner Flame              Hex/Fire       10%        N/A       19%         3
 Volatile Blastmotes      Fire/Tloc      20%        2d11      19%         3


Dungeon Overview and Level Annotations

Branches:
Dungeon (3/15)

Altars:
Fedhas


Innate Abilities, Weirdness & Mutations

Your magical capacity is low. (-10% MP)
A frigid envelope surrounds you and freezes all who hurt you.


Message History

You fly up into the air.
You feel less confused.
You feel very sick. The orc wizard barely misses you.
The orc is attracted toward you.
Okay, then.
As you read the scroll of teleportation, it crumbles to dust.
You feel strangely unstable.
You feel very sick. The orc wizard barely misses you.
The orc hits you with a +0 dagger.
The orc wizard hits you with a +0 dagger.
* * * LOW HITPOINT WARNING * * *
Unknown command.
You feel extremely strange.
You feel less energetic.
Your skin feels very cold.
* * * LOW HITPOINT WARNING * * *
You feel very sick. The orc hits you but does no damage.
The orc is very cold.
The orc is heavily wounded.
The orc wizard hits you but does no damage.
The orc wizard is very cold.
You kill the orc wizard!
The orc wizard misses you.
Training target 4.0 for Conjurations reached!
Your Conjurations skill increases to level 4!
You need to enable at least one skill for training.
Your Evocations skill increases to level 1!
Unknown command.
You feel very mighty all of a sudden.
Your surroundings suddenly seem different.
A quokka, a frilled lizard and a giant cockroach come into view.
Found a bardiche and 9 stones.
* * * LOW HITPOINT WARNING * * *
You feel sick. The quokka is attracted toward you.
The frilled lizard is attracted toward you.
The giant cockroach is attracted toward you.
Okay, then.
As you read the scroll labelled JIANADUGHA, it crumbles to dust.
It is a scroll of enchant armour.
Your +0 robe glows green for a moment.
You die...

#####
.(..#
##...#####
#........
.......
#...# #@#
#lr.#
.§B###.
#§# .# #B
.. ### ..


You could see a quokka (asleep), a giant cockroach (asleep) and a frilled lizard
(asleep).

Vanquished Creatures
  An orc wizard (D:3)
  3 gnolls (D:2)
  2 adders (D:2)
  2 ribbon worms (D:2)
  3 dart slugs
  An orc (D:3)
  3 ball pythons
  5 bats
  6 endoplasms
  2 giant cockroaches
  3 goblins
  A hobgoblin (D:2)
  2 quokkas
  5 kobolds
  3 rats (D:2)
42 creatures vanquished.

Vanquished Creatures (others)
  116 foxfires
116 creatures vanquished.

Grand Total: 158 creatures vanquished

Notes
Turn   | Place    | Note
-------+----------+-------------------------------------------
     0 | D:1      | hawla the Deep Elf Fire Elementalist began the quest for
                  | the Orb.
     0 | D:1      | Reached XP level 1. HP: 10/10 MP: 6/6
   119 | D:1      | Reached skill level 1 in Fighting
   193 | D:1      | Reached XP level 2. HP: 11/16 MP: 4/8
   653 | D:2      | Learned a level 2 spell: Scorch
   727 | D:2      | Reached XP level 3. HP: 21/21 MP: 3/9
   765 | D:2      | Reached skill level 2 in Conjurations
  1091 | D:2      | Reached skill level 3 in Conjurations
  1096 | D:2      | Reached XP level 4. HP: 24/26 MP: 2/10
  1202 | D:2      | Found a blossoming altar of Fedhas.
  1232 | D:2      | Identified the +1 dagger of Ysucs {speed, rElec Int+4
                  | Dex+3}
  1270 | D:2      | Learned a level 4 spell: Flame Wave
  1927 | D:3      | Gained mutation: Your magical capacity is low. (-10% MP)
                  | [potion of mutation]
  1927 | D:3      | Gained mutation: A frigid envelope surrounds you and
                  | freezes all who hurt you. [potion of mutation]
  1928 | D:3      | Reached skill level 4 in Conjurations
  1928 | D:3      | Reached skill level 1 in Evocations
  1928 | D:3      | HP: 1/26 [poisoned by an orc wizard]
  1929 | D:3      | Succumbed to an orc wizard's poison

Illustrated notes

Levels and vault maps discovered:
D:1:      nicolae_arrival_memento_mori, layout_rooms
D:2:      layout_basic, basic_altar, minivault_19
D:3:      layout_loops_cross, minmay_starry_boxes

Skill      XL: |  1  2  3  4 |
---------------+-------------+-----
Fighting       | 1 2 |  2.0
Conjurations   | 3 4 |  4.0
Evocations     | 1 |  1.2
Dodging        | |  2.4
Stealth        | |  2.4
Spellcasting   | |  3.0
Fire Magic     | |  3.2

Action                     |  1- 3 |  4- 6 || total
---------------------------+-------+-------++-------
  Melee: Unarmed           |     5 |       ||     5
         Staff             |       |     2 ||     2
   Cast: Foxfire           |    56 |    13 ||    69
         Scorch            |     5 |     2 ||     7
    Use: Potion            |     1 |     4 ||     5
         Scroll            |       |     7 ||     7
 Armour: Robe              |    12 |    11 ||    23
  Dodge: Dodged            |    24 |     6 ||    30
